 Dungeon Crawl Stone Soup version 0.19-a0-996-g3cba913 (webtiles) character file.

39 Deemzul the Skirmisher (level 3, 0/26 HPs)
             Began as an Octopode Monk on July 18, 2016.
             Slain by Terence
             ... wielding a +0 hand axe of freezing
              (3 damage)
             ... on level 2 of the Dungeon.
             The game lasted 00:01:09 (972 turns).

Deemzul the Skirmisher (Octopode Monk)               Turns: 972, Time: 00:01:11

Health: 0/26       AC:  1    Str: 10    XL:     3   Next: 45%
Magic:  3/3        EV: 14    Int: 12    God:
Gold:   20         SH:  0    Dex: 15    Spells: 0 memorised, 2 levels left

rFire  . . .     SeeInvis .     a - +0 falchion
rCold  . . .     Gourm    .     (no shield)
rNeg   . . .     Faith    .     (helmet restricted)
rPois  .         Spirit   .     q - amulet of dismissal
rElec  .         Dismiss  +     g - ring of loudness (curse)
rCorr  .         Reflect  .     (no ring)
SustAt .         Harm     .     (no ring)
MR     .....                    (no ring)
Stlth  +++.......               (no ring)
                                (no ring)
                                (no ring)
                                (no ring)

@: not resistant to hostile enchantments, fairly stealthy
A: almost no armour, amphibious, 8 rings, constrict 8, camouflage 1, gelatinous
body 1
a: no special abilities


You were on level 2 of the Dungeon.
You were not hungry.

You visited 1 branch of the dungeon, and saw 2 of its levels.

You collected 20 gold pieces.

Inventory:

Hand Weapons
 a - a +0 falchion (weapon)
Jewellery
 g - a cursed ring of loudness (left tentacle)
 q - an amulet of dismissal (around mantle)
Scrolls
 d - a scroll of remove curse {unknown}
 e - a scroll of recharging {unknown}
 f - a scroll of teleportation {unknown}
 h - 4 scrolls of magic mapping {unknown}
 i - a scroll of fog {unknown}
 l - 4 scrolls of amnesia {unknown}
 n - a scroll of identify {unknown}
Potions
 c - 2 potions of mutation {unknown}
 j - 2 potions of curing {unknown}
 k - a potion of cancellation {unknown}
 m - a potion of agility {unknown}
 o - a potion of might {unknown}
 p - a potion of flight {unknown}
Comestibles
 b - a bread ration
 s - a slice of pizza


   Skills:
 * Level 3.5 Fighting
 * Level 3.4 Long Blades
 + Level 3.4 Dodging
 + Level 3.0 Stealth


You had 2 spell levels left.
You didn't know any spells.

Dungeon Overview and Level Annotations

Branches:
Dungeon (2/15)

Altars:

Annotations:
D:2 Terence


Innate Abilities, Weirdness & Mutations

You cannot wear most types of armour.
You are amphibious.
You can wear up to eight rings at the same time.
You can use your tentacles to constrict eight enemies at once.
Your skin changes colour to match your surroundings (Stealth+).
Your rubbery body absorbs attacks. (AC +1)


Message History

a club; a hobgoblin corpse No target in view!
Terence the Incautious comes into view.
He is wielding a hand axe of freezing.
Terence is nearby!
A kobold comes into view.
The kobold shouts!
There are monsters nearby!
Terence hits you with a hand axe of freezing.
Terence freezes you.
A dart slug comes into view.
You closely miss Terence. You grab Terence.
You constrict Terence, but do no damage.
Terence hits you with a hand axe of freezing!
Terence freezes you.
You hit Terence but do no damage.
You constrict Terence, but do no damage.
Terence hits you with a hand axe of freezing.
* * * LOW HITPOINT WARNING * * *
Terence freezes you.
You die...

.. w. # . .. .###
.# #K. ..#
#######.# ..
##.....#.##.#
#........@@.#
#........##......
#........# ##.##
... #)..........
#.# #.####..#.#.#
#.# #.####..#.# #
#.#####..........
#........#.####.##
#..#####.#.####.#


You could see Terence, a dart slug and a kobold.

Vanquished Creatures
  A dart slug (D:1)
  3 giant geckos (D:1)
  2 bats (D:1)
  A giant cockroach (D:1)
  5 goblins (D:1)
  5 hobgoblins
  3 jackals (D:1)
  A ball python (D:1)
  2 giant newts
  4 kobolds
  4 rats (D:1)
31 creatures vanquished.

Notes
Turn   | Place    | Note
-------+----------+-------------------------------------------
     0 | D:1      | Deemzul the Octopode Monk began the quest for the Orb.
     0 | D:1      | Reached XP level 1. HP: 16/16 MP: 1/1
    96 | D:1      | Reached XP level 2. HP: 14/21 MP: 2/2
   519 | D:1      | Reached XP level 3. HP: 22/26 MP: 3/3
   966 | D:2      | Noticed Terence
   972 | D:2      | Slain by Terence

Vault maps used:
D:1:      dpeg_arrival_chase, solitary_fountain, grunt_decor_mini_mirrors
D:2:      uniq_terence

Skill      XL: |  1  2 |
---------------+-------+-----
Stealth        | 3 |  3.0
Fighting       | |  3.5
Long Blades    | |  3.4
Dodging        | |  3.4

Action                   || total
-------------------------++-------
Melee: Falchion          ||    68
       Constrict         ||    22
       Tentacles         ||    10
 Stab: Sleeping          ||     6
Armor: Skin              ||     2
Dodge: Dodged            ||    39
